 Dungeon Crawl Stone Soup version 0.25.1-2-g60ff931df9 (webtiles) character file.

Game seed: 2011115598520492867

1623 Chimkentus the Vexing (level 8, -2/54 HPs)
             Began as an Octopode Arcane Marksman on Aug 3, 2020.
             Was a Believer of Dithmenos.
             Slain by a sky beast (6 damage)
             ... on level 6 of the Dungeon.
             The game lasted 00:51:16 (7502 turns).

Chimkentus the Vexing (Octopode Arcane Marksman)    Turns: 7502, Time: 00:51:17

Health: -2/54      AC:  1    Str: 11    XL:     8   Next: 97%
Magic:  15/15      EV: 15    Int: 16    God:    Dithmenos [**....]
Gold:   355        SH:  0    Dex: 12    Spells: 4/17 levels left

rFire    . . .     SeeInvis .   c - +4 quarterstaff (chaos)
rCold    . . .     Gourm    .   (shield currently unavailable)
rNeg     . . .     Faith    .   (helmet restricted)
rPois    .         Spirit   .   (no amulet)
rElec    .         Reflect  .   (no ring)
rCorr    .         Harm     .   (no ring)
MR       .....                  (no ring)
Stlth    +++.......             (no ring)
HPRegen  0.18/turn              (no ring)
MPRegen  0.14/turn              (no ring)
                                (no ring)
                                (no ring)

@: confused, wreathed by umbra
A: almost no armour, stealthy swim, amphibious, 8 rings, constrict 8, camouflage
1, gelatinous body 1
a: Shadow Step, Renounce Religion


You were on level 6 of the Dungeon.
You worshipped Dithmenos.
Dithmenos was pleased with you.
You were not hungry.

You visited 1 branch of the dungeon, and saw 6 of its levels.

You collected 355 gold pieces.

Inventory:

Hand Weapons
 b - a +0 mace of holy wrath
 c - a +4 quarterstaff of chaos (weapon)
 e - a +0 club
 j - a +0 dagger
 m - a +0 hunting sling
 n - a +0 whip
 o - a +0 mace of draining
 s - a +0 hunting sling
 w - a +0 hand axe
 x - a +0 long sword
 G - a +3 flail of protection
 J - a +0 scimitar
 O - a +2 hand axe of freezing
Missiles
 a - 10 silver javelins (quivered)
 i - 238 stones
 l - 81 bolts
 r - 8 curare-tipped darts
 u - 5 javelins
 y - 2 atropa-tipped darts
 A - 23 poisoned darts
 H - 27 arrows
 N - 15 sling bullets
Wands
 h - a wand of disintegration (24)
 t - a wand of acid (12)
 I - a wand of polymorph (13)
Scrolls
 g - a scroll of remove curse
 p - 2 scrolls of teleportation
Potions
 f - a potion of lignification
 q - 2 potions of cancellation
 z - a potion of might
 B - 2 potions of resistance
 C - a potion of berserk rage {unknown}
 K - a potion of brilliance
 L - a potion of mutation {unknown}
 M - a potion of curing {unknown}
Comestibles
 d - 9 rations


   Skills:
 * Level 3.9 Fighting
 + Level 0.6 Short Blades
 + Level 0.4(1.4) Maces & Flails
 + Level 2.2(2.3) Staves
 + Level 3.9 Throwing
 * Level 4.3 Dodging
 + Level 4.7 Stealth
 * Level 5.0 Spellcasting
 * Level 5.8 Hexes
 + Level 1.0 Evocations


You had 4 spell levels left.
You knew the following spells:

 Your Spells              Type           Power        Failure   Level  Hunger
a - Corona                Hex            ###....      1%          1    None
b - Slow                  Hex            ###.....     2%          2    #......
c - Inner Flame           Hex/Fire       ##......     14%         3    ###....
d - Cause Fear            Hex            ###.......   14%         4    ####...
e - Portal Projectile     Hex/Tloc       ##....       14%         3    ###....

Your spell library contained the following spells:

 Spells                   Type           Power        Failure   Level  Hunger
 Leda's Liquefaction      Hex/Erth       ##........   43%         4    ####...


Dungeon Overview and Level Annotations

Branches:
Dungeon (6/15)             Temple (0/1) D:5

Altars:
Dithmenos
Okawaru
Lugonu

Portals:
Abyss: D:1

Annotations:
D:6 3 runed translucent doors, farkougg's ghost, novice DsAK


Innate Abilities, Weirdness & Mutations

You cannot wear most types of armour.
You are very stealthy in the water. (Stealth+)
You are amphibious.
You can wear up to eight rings at the same time.
You can use your tentacles to constrict eight enemies at once.
Your skin changes colour to match your surroundings (Stealth+).
Your rubbery body absorbs attacks. (AC +1, EV +1)


Message History

Press: ? - help, Shift-Dir - straight line Something hits you.
Something shocks you.
Your +4 quarterstaff of chaos is briefly surrounded by a scintillating aura of random colours.
c - a +4 quarterstaff of chaos (weapon)
You miss something. You squeeze something. Something hits you.
Something shocks you. Something hits you. Something shocks you.
You barely miss something. Something barely misses you.
You miss something. Something hits you. Something shocks you.
* * * LOW HITPOINT WARNING * * *
You miss something. Your squeeze misses something.
Something hits you but does no damage.
You hit something but do no damage. Something hits you.
* * * LOW HITPOINT WARNING * * *
Something shocks you.
* * * LOW HITPOINT WARNING * * *
You are confused.
You feel invigorated. Something hits you.
* * * LOW HITPOINT WARNING * * *
Something shocks you.
You die...

#.# #.# #. #'## ...
...## #.# ....## ##
#.# .....## ##.# #.#
......# ##...##.#
......+ ......#.#####
......# #......@{..#
.....## ##...#.###.#
....## ## ##.## ...##
#.# ##.# #+##
#.###.## #.# #..#.##
#.# #.#.####.# #.##
#........#
...###########.######


There were no monsters in sight!

Vanquished Creatures
  Sigmund (D:2)
  A water moccasin (D:6)
  A phantom (D:4)
  3 ogres
  A big kobold (D:4)
  2 scorpions
  A bullfrog zombie (D:5)
  2 crimson imps (D:5)
  2 hounds
  A jelly (D:5)
  3 orc priests
  Crazy Yiuf (D:2)
  2 orc wizards
  3 bullfrog skeletons
  Jessica (D:2)
  2 iguanas
  2 worker ants (D:4)
  Terence (D:2)
  Robin (D:4)
  4 gnolls (D:2)
  5 adders
  2 oozes
  2 adder skeletons (D:4)
  4 worms
  4 dart slugs
  6 leopard geckos
  10 orcs
  2 ball pythons
  6 bats
  5 giant cockroaches
  15 goblins
  9 hobgoblins
  4 jackals (D:1)
  9 kobolds
  2 quokkas
  2 frilled lizards (D:1)
  A leopard gecko skeleton (D:4)
  12 rats
  A fungus (D:2)
136 creatures vanquished.

Vanquished Creatures (others)
  A fungus (D:6)
  3 plants (D:6)
  4 toadstools (D:4)
8 creatures vanquished.

Grand Total: 144 creatures vanquished

Notes
Turn   | Place    | Note
-------+----------+-------------------------------------------
     0 | D:1      | Chimkentus the Octopode Arcane Marksman began the quest for
                  | the Orb.
     0 | D:1      | Reached XP level 1. HP: 13/13 MP: 2/2
   270 | D:1      | Reached XP level 2. HP: 16/18 MP: 3/3
   274 | D:1      | Learned a level 2 spell: Slow
   313 | D:1      | Found a corrupted altar of Lugonu.
   313 | D:1      | Found a one-way gate to the infinite horrors of the Abyss.
   313 | D:1      | Noticed a demonic crawler
   313 | D:1      | Noticed a demonic crawler
   607 | D:1      | Reached XP level 3. HP: 23/23 MP: 1/5
  1564 | D:2      | Found a faded altar of an unknown god.
  1564 | D:2      | Noticed Sigmund
  1829 | D:2      | Reached XP level 4. HP: 28/28 MP: 2/6
  2061 | D:1      | Learned a level 3 spell: Inner Flame
  2506 | D:2      | Noticed Jessica
  2534 | D:2      | Killed Jessica
  2534 | D:2      | Reached skill level 1 in Stealth
  2534 | D:2      | Reached XP level 5. HP: 34/34 MP: 8/8
  2561 | D:2      | Noticed Terence
  2571 | D:2      | Killed Terence
  2589 | D:2      | Found a shadowy altar of Dithmenos.
  3022 | D:2      | Killed Sigmund
  3022 | D:2      | Reached XP level 6. HP: 32/41 MP: 10/10
  3152 | D:2      | Found a runed translucent door.
  3153 | D:2      | Noticed Crazy Yiuf
  3161 | D:2      | Killed Crazy Yiuf
  3200 | D:2      | Learned a level 4 spell: Cause Fear
  3200 | D:2      | Became a worshipper of Dithmenos the Shadowed
  3711 | D:3      | Found an iron altar of Okawaru.
  3720 | D:3      | Reached XP level 7. HP: 30/45 MP: 8/12
  4371 | D:4      | Reached * piety under Dithmenos
  4550 | D:4      | Reached skill level 1 in Staves
  4680 | D:4      | Noticed Robin
  5072 | D:4      | Killed Robin
  5212 | D:4      | Reached XP level 8. HP: 34/52 MP: 13/13
  5391 | D:4      | Reached skill level 5 in Hexes
  5958 | D:5      | Entered Level 5 of the Dungeon
  6220 | D:5      | Found a staircase to the Ecumenical Temple.
  7143 | D:5      | Learned a level 3 spell: Portal Projectile
  7153 | D:5      | Reached ** piety under Dithmenos
  7319 | D:6      | Found a runed translucent gate.
  7319 | D:6      | Found a runed translucent gate.
  7319 | D:6      | Found a runed translucent gate.
  7319 | D:6      | Noticed a kobold demonologist
  7319 | D:6      | Noticed farkougg's ghost (novice DsAK)
  7347 | D:6      | Reached skill level 5 in Spellcasting
  7347 | D:6      | Reached skill level 1 in Evocations
  7502 | D:6      | Slain by a sky beast

Illustrated notes

Levels and vault maps discovered:
D:1:      erik_arrival_cave_to_civilisation [erik_arrival_cave_to_temple],
          layout_loops_ring, st_stairs_3
D:2:      layout_rooms, chequers_ecumenical_altar_simple_redux,
          grunt_dithmenos_smoke, uniq_sigmund, uniq_jessica, uniq_terence,
          uniq_crazy_yiuf_cottage
D:3:      layout_basic, nicolae_overflow_crystal_walls
D:4:      layout_cave_pods, minmay_gold_behind_fungi, kennysheep_another_room,
          uniq_robin
D:5:      layout_layer_cave, temple_statues, first_ration
D:6:      layout_loops_corners, gammafunk_ghost_nasty_kobolds,
          nicolae_ossuary_entry_false_entrances, uniq_menkaure

Skill      XL: |  1  2  3  4  5  6  7  8 |
---------------+-------------------------+-----
Spellcasting   | 2 3 5 |  5.0
Fighting       | 2 3 |  3.9
Stealth        | 1 2 4 |  4.7
Hexes          | 4 5 |  5.8
Dodging        | 3 4 |  4.3
Throwing       | 3 |  3.9
Staves         | 1 2 |  2.2
Evocations     | 1 |  1.0
Short Blades   | |  0.6
Maces & Flails | |  0.4

Action                   |  1- 3 |  4- 6 |  7- 9 || total
-------------------------+-------+-------+-------++-------
Melee: Unarmed           |     8 |       |       ||     8
       Club              |     6 |       |       ||     6
       Tentacles         |    12 |    15 |    15 ||    42
       Constrict         |    13 |    24 |    21 ||    58
       Dagger            |    39 |    57 |    20 ||   116
       Quarterstaff      |       |    23 |    67 ||    90
       Mace              |       |       |    12 ||    12
       Flail             |       |       |    12 ||    12
Throw: Javelin           |    23 |    55 |    41 ||   119
       Throwing net      |     2 |     3 |       ||     5
       Dart              |       |     3 |    12 ||    15
 Cast: Corona            |     7 |    17 |    13 ||    37
       Slow              |     8 |    19 |    14 ||    41
Evoke: Wand              |       |     9 |    14 ||    23
  Use: Potion            |     2 |       |     1 ||     3
       Scroll            |       |     1 |    10 ||    11
 Stab: Sleeping          |     5 |     8 |     7 ||    20
       Held in net/web   |       |     1 |       ||     1
  Eat: Chunk             |     4 |     7 |    10 ||    21
       Ration            |       |       |     1 ||     1
Armor: Skin              |     5 |       |     6 ||    11
Dodge: Dodged            |    49 |    30 |    68 ||   147
